 Dungeon Crawl Stone Soup version 0.28.0 (webtiles) character file.

Game seed: 14516362536994994189

22036 dorian the Stormcaller (level 12, -3/59 HPs)
             Began as a Tengu Air Elementalist on Feb 11, 2022.
             Was an Elder of Vehumet.
             Slain by a cane toad (62 damage)
             ... on level 3 of the Lair of Beasts.
             The game lasted 00:49:49 (18357 turns).

dorian the Stormcaller (Tengu Air Elementalist)    Turns: 18357, Time: 00:49:49

Health: -3/59      AC:  5    Str: 19    XL:     12   Next: 96%
Magic:  26/26      EV:  2    Int: 19    God:    Vehumet [****..]
Gold:   260        SH:  0    Dex: 16    Spells: 2/29 levels left

rFire   . . .      SeeInvis .   e - staff of air
rCold   + . .      Faith    .   (no shield)
rNeg    . . .      Spirit   .   x - +1 robe {rC+}
rPois   .          Reflect  .   (helmet restricted)
rElec   +          Harm     .   c - +1 cloak
rCorr   +          Rampage  .   (no gloves)
Will    +....                   (boots unavailable)
Stlth   ++........              J - amulet of magic regeneration
HPRegen 0.19/turn               C - ring "Boposew" {Will+ rCorr Str+4}
MPRegen 0.60/turn               E - +6 ring of strength

@: sleeping, flying quickly and evasively, quick
A: beak, talons 3, nimble flight
a: Renounce Religion


You were on level 3 of the Lair of Beasts.
You worshipped Vehumet.
Vehumet was greatly pleased with you.
You visited 3 branches of the dungeon, and saw 16 of its levels.

You collected 580 gold pieces.
You spent 320 gold pieces at shops.

Inventory:

Hand Weapons
 f - a +1 short sword of electrocution
 D - the +7 long sword "Hyam" {freeze, rElec rF+ Str-5}
   (You found it on level 7 of the Dungeon)

   It freezes those it strikes, dealing additional cold damage.
   It can also slow down cold-blooded creatures.
   Str:       It affects your strength (-5).
   rF:        It protects you from fire.
   rElec:     It insulates you from electricity.
Missiles
 I - a throwing net
Armour
 a - a +0 robe
 c - a +1 cloak (worn)
 j - a +2 ring mail of fire resistance
 k - an orb of mayhem
 r - the +0 robe of the Harp {Str+4}
   (You found it on level 4 of the Dungeon)

   Str:       It affects your strength (+4).
 x - a +1 robe of cold resistance (worn)
Magical Staves
 e - a staff of air (weapon)
 q - a staff of cold
Jewellery
 y - an amulet of the acrobat
 C - the ring "Boposew" (left hand) {Will+ rCorr Str+4}
   (You found it on level 6 of the Dungeon)

   [ring of resist corrosion]

   Str:       It affects your strength (+4).
   rCorr:     It protects you from acid and corrosion.
   Will:      It increases your willpower.
 E - a +6 ring of strength (right hand)
 J - an amulet of magic regeneration (around neck)
Wands
 p - a wand of iceblast (26)
 w - a wand of charming (23)
 B - a wand of mindburst (11)
 L - a wand of polymorph (9)
Scrolls
 i - 4 scrolls of magic mapping
 l - 4 scrolls of teleportation
 n - 2 scrolls of immolation
 s - a scroll of fear {unknown}
 t - a scroll of fog
 u - a scroll of enchant weapon
 z - a scroll of acquirement {unknown}
Potions
 b - 2 potions of mutation
 d - 5 potions of curing
 g - a potion of lignification
 h - 2 potions of magic
 m - 2 potions of flight
 o - 3 potions of brilliance
 v - 3 potions of haste
 A - 2 potions of resistance {unknown}
 F - a potion of degeneration {unknown}
 H - 4 potions of heal wounds
 K - a potion of invisibility {unknown}
Miscellaneous
 G - a phantom mirror
 M - a lightning rod (4/4)


   Skills:
 + Level 9.2 Dodging
 - Level 2.0 Stealth
 + Level 9.3 Spellcasting
 + Level 13.2 Conjurations
 + Level 5.7 Summonings
 - Level 5.1 Necromancy
 + Level 15.9 Air Magic


You had 2 spell levels left.
You knew the following spells:

 Your Spells              Type           Power      Damage    Failure   Level
a - Shock                 Conj/Air       100%       1d9       0%          1
b - Static Discharge      Conj/Air       77%        N/A       1%          2
c - Airstrike             Air            40%        N/A       1%          4
d - Swiftness             Air            81%        N/A       1%          3
e - Sublimation of Blood  Necr           28%        N/A       1%          2
f - Call Canine Familiar  Summ           30%        N/A       2%          3
g - Conjure Flame         Conj/Fire      33%        6-21      1%          3
h - Fulminant Prism       Conj/Hex       16%        3d11      1%          4
i - Lightning Bolt        Conj/Air       38%        1d57      1%          5

Your spell library contained the following spells:

 Spells                   Type           Power      Damage    Failure   Level
 Summon Small Mammal      Summ           100%       N/A       1%          1
 Poisonous Vapours        Pois/Air       100%       N/A       1%          2
 Freeze                   Ice            32%        1d5       2%          1
 Sting                    Tmut/Pois      32%        1d4       8%          1
 Wereblood                Tmut           8%         N/A       12%         2
 Hailstorm                Conj/Ice       33%        3d8       1%          4
 Frozen Ramparts          Ice            16%        1d3       7%          3
 Summon Guardian Golem    Hex/Summ       19%        N/A       8%          3
 Olgreb's Toxic Radiance  Pois           8%         N/A       21%         4
 Ozocubu's Armour         Ice            8%         N/A       24%         3
 Portal Projectile        Hex/Tloc       16%        N/A       24%         3
 Leda's Liquefaction      Hex/Erth       4%         N/A       61%         4
 Ozocubu's Refrigeration  Ice            4%         4d5       100%        7
 Summon Hydra             Summ           15%        N/A       100%        7
 Borgnjor's Revivificati  Necr           14%        N/A       100%        8
 Necromutation            Tmut/Necr      9%         N/A       100%        8
 Death's Door             Necr           14%        N/A       100%        9


Dungeon Overview and Level Annotations

Branches:
Dungeon (12/15)            Temple (1/1) D:6            Lair (3/6) D:8
 Shoals (0/4) Lair:2          Orc (0/2) D:11
  Snake: Lair:2-4    Spider: Lair:2-4

Altars:
Ashenzari
Dithmenos
Fedhas
Gozag
Hepliaklqana
Ru
Trog
Vehumet
Xom
Yredelemnul
Zin
The Shining One

Shops:
D:3 *

Portals:
Trove: D:11 (give 13 scrolls of teleportation)

Annotations:
D:12 Asparus's ghost, journeyman DsCj


Innate Abilities, Weirdness & Mutations

You have a beak for a mouth.
You have claws for feet.
Your magical nature lets you fly swiftly and evasively.


Message History

The yak is struck by an arc of lightning.
You kill the yak!
Vehumet accepts your kill.
You feel your power returning. You resist.
You are struck by an arc of lightning.
You start resting.
Magic restored.
You start resting.
HP restored.
There is a stone staircase leading down here.
You fly downwards.
The dream sheep bleats! x5
Found a potion of lignification.
There is a stone staircase leading up here.
Aiming: Iceblast
Press: ? - help, Shift-Dir - straight line The mass of ice explodes!
The iceblast engulfs the dream sheep!
The dream sheep is heavily wounded.
The iceblast engulfs the dream sheep!
The dream sheep is severely wounded.
The iceblast engulfs the dream sheep!
The dream sheep is heavily wounded.
You hear an angry hiss.
Unknown command.
Aiming: Iceblast
Press: ? - help, Shift-Dir - straight line The mass of ice explodes!
The iceblast engulfs the dream sheep!
The dream sheep is heavily wounded.
The iceblast engulfs the dream sheep!
You kill the dream sheep!
Vehumet accepts your kill.
The iceblast engulfs the dream sheep!
The dream sheep is severely wounded.
The iceblast engulfs the dream sheep!
The dream sheep is almost dead.
You are overwhelmed by glittering dream dust!
You feel drowsy...
You fall asleep.
The cane toad stings you!!!
Ouch! That really hurt!
You die...

............#
.#†.....##..#.!.......#.
P#......# ##...#........
........P##.....≈.......
........./..≈≈≈≈≈≈≈.≈...
............≈≈≈≈≈≈≈≈≈...
.....###....≈≈≈≈≈≈≈≈≈≈..
...... .#..≈≈≈.≈≈≈≈≈...
....### #..≈≈≈F@≈≈≈≈≈..
....# .#≈≈≈≈≈.≈≈≈≈≈..
#≈≈≈≈≈≈≈≈≈≈≈≈.#
##.Y≈Y≈≈≈≈≈≈..#
#.Y.YY≈≈≈.≈...
#......≈.....##
.Y...####...#.# ....#
.....#


You could see a cane toad and 6 dream sheep.

Vanquished Creatures
  Harold (D:9)
  A rakshasa (D:10)
  2 hydras
  A vault guard (D:11)
  2 two-headed ogres (D:9)
  6 cane toads
  6 komodo dragons
  A polar bear (Lair:2)
  3 trolls
  A dream sheep (Lair:3)
  16 blink frogs
  Sigmund (D:2)
  A wyvern (Lair:2)
  4 wraiths
  22 yaks
  4 basilisks
  6 water moccasins
  A hornet zombie (D:7)
  3 orc warriors
  An ice beast (D:7)
  2 sky beasts
  4 necrophages
  4 ogres
  5 wolves (Lair:1)
  5 bullfrogs
  A kobold brigand (D:7)
  A gnoll sergeant (D:8)
  4 scorpions
  2 wyvern zombies (D:5)
  3 killer bees (D:9)
  6 wights
  4 howler monkeys
  A bullfrog zombie (D:4)
  4 orc priests
  5 centaur zombies
  A hound (D:7)
  2 centaur skeletons (D:7)
  Ijyb (D:4)
  A human zombie (D:5)
  3 iguanas
  6 hell rats (Lair:1)
  7 orc wizards
  A killer bee zombie (D:5)
  2 hound zombies (D:5)
  3 hound skeletons
  2 mummies (D:5)
  Robin (D:2)
  7 gnolls
  3 howler monkey skeletons
  7 adders
  15 river rats (Lair:1)
  A white imp (D:6)
  An adder skeleton (D:4)
  2 worms (D:2)
  4 dart slugs
  44 orcs
  10 ball pythons
  6 bats
  7 endoplasms
  5 giant cockroaches
  19 goblins
  13 hobgoblins
  7 quokkas
  3 frilled lizards
  16 kobolds
  14 rats
348 creatures vanquished.

Vanquished Creatures (others)
  20 fungi
  58 plants
78 creatures vanquished.

Grand Total: 426 creatures vanquished

Notes
Turn   | Place    | Note
-------+----------+-------------------------------------------
     0 | D:1      | dorian the Tengu Air Elementalist began the quest for the
                  | Orb.
     0 | D:1      | Reached XP level 1. HP: 10/10 MP: 4/4
   160 | D:1      | Reached XP level 2. HP: 15/15 MP: 0/6
   563 | D:1      | Reached XP level 3. HP: 19/19 MP: 3/7
   612 | D:1      | Learned a level 2 spell: Static Discharge
  1146 | D:1      | Found a faded altar of an unknown god.
  1664 | D:2      | Noticed Sigmund
  1687 | D:2      | Killed Sigmund
  1688 | D:2      | Reached skill level 6 in Air Magic
  1688 | D:2      | Reached XP level 4. HP: 21/24 MP: 0/9
  1688 | D:2      | Gained mutation: Your magical nature lets you fly swiftly
                  | and evasively. [Tengu growth]
  1688 | D:2      | Reached XP level 5. HP: 25/28 MP: 0/10
  2088 | D:2      | Noticed Robin
  2250 | D:2      | Reached XP level 6. HP: 32/32 MP: 9/11
  2374 | D:2      | Killed Robin
  2474 | D:2      | Reached skill level 5 in Conjurations
  2619 | D:2      | Learned a level 4 spell: Airstrike
  2967 | D:3      | Found Jozoxis's Assorted Antiques.
  3652 | D:4      | Reached skill level 7 in Air Magic
  4020 | D:4      | Reached XP level 7. HP: 34/36 MP: 7/13
  4424 | D:4      | Noticed Ijyb
  4430 | D:4      | Killed Ijyb
  4723 | D:4      | Identified the +0 robe of the Harp {Str+4}
  4810 | D:4      | Reached skill level 8 in Air Magic
  4962 | D:4      | Found a bloodstained altar of Trog.
  4963 | D:4      | Found a broken altar of Ashenzari.
  4964 | D:4      | Found an opulent altar of Gozag.
  5144 | D:5      | Entered Level 5 of the Dungeon
  5582 | D:5      | Reached XP level 8. HP: 41/41 MP: 6/15
  5601 | D:5      | Reached skill level 9 in Air Magic
  5967 | D:5      | Found a basalt altar of Yredelemnul.
  6651 | D:5      | Found a glowing silver altar of Zin.
  6775 | D:5      | Reached skill level 10 in Air Magic
  6977 | D:5      | Reached skill level 5 in Spellcasting
  7652 | D:6      | Reached XP level 9. HP: 45/45 MP: 12/17
  7689 | D:6      | Found a staircase to the Ecumenical Temple.
  7703 | Temple   | Entered the Ecumenical Temple
  7718 | Temple   | Became a worshipper of Vehumet
  7820 | D:6      | Reached skill level 11 in Air Magic
  7824 | D:6      | Learned a level 3 spell: Swiftness
  7929 | D:6      | Identified the ring "Boposew" {Will+ rCorr Str+4}
  8011 | D:6      | Identified the +6 plate armour of Tomorrow {Slay+3}
  8029 | D:6      | Noticed a troll
  8756 | D:7      | Identified the +7 long sword "Hyam" {freeze, rElec rF+
                  | Str-5}
  9522 | D:8      | Reached skill level 12 in Air Magic
  9899 | D:8      | Found a blossoming altar of Fedhas.
  9915 | D:8      | Reached * piety under Vehumet
  9915 | D:8      | Offered knowledge of Foxfire by Vehumet.
 10170 | D:8      | Found a staircase to the Lair.
 10210 | D:8      | Noticed a komodo dragon
 10286 | D:8      | Killed a komodo dragon
 10548 | D:8      | Found a glowing golden altar of the Shining One.
 11039 | D:9      | Noticed a two-headed ogre
 11057 | D:9      | Killed a two-headed ogre
 11058 | D:9      | Reached skill level 13 in Air Magic
 11058 | D:9      | Reached XP level 10. HP: 50/50 MP: 0/20
 11197 | D:9      | Noticed a two-headed ogre
 11374 | D:9      | Noticed Harold
 11381 | D:9      | Killed Harold
 11382 | D:9      | Reached skill level 5 in Dodging
 11580 | D:9      | Learned a level 2 spell: Sublimation of Blood
 12156 | D:9      | Reached skill level 10 in Conjurations
 12266 | D:9      | Reached skill level 1 in Necromancy
 12302 | D:9      | Killed a two-headed ogre
 12521 | D:10     | Entered Level 10 of the Dungeon
 12561 | D:10     | Noticed a rakshasa
 12571 | D:10     | Killed a rakshasa
 12670 | D:10     | Reached XP level 11. HP: 54/54 MP: 13/22
 12727 | D:10     | Reached skill level 14 in Air Magic
 14255 | D:11     | Reached ** piety under Vehumet
 14255 | D:11     | Offered knowledge of Searing Ray by Vehumet.
 14284 | D:11     | Found a staircase to the Orcish Mines.
 14384 | D:11     | Noticed a vault guard
 14400 | D:11     | Killed a vault guard
 14437 | D:11     | Found a portal to a secret trove of treasure.
 14645 | D:12     | Noticed a five-headed hydra
 14646 | D:12     | Noticed Asparus's ghost (journeyman DsCj)
 14649 | D:12     | Killed a five-headed hydra
 14650 | D:12     | Reached skill level 5 in Necromancy
 14650 | D:12     | Noticed a boulder beetle
 14694 | D:11     | Learned a level 3 spell: Call Canine Familiar
 14808 | Lair:1   | Entered Level 1 of the Lair of Beasts
 14950 | Lair:1   | Reached skill level 1 in Summonings
 15339 | Lair:1   | Reached XP level 12. HP: 59/59 MP: 13/25
 15343 | Lair:1   | Offered knowledge of Conjure Flame by Vehumet.
 15344 | Lair:1   | Reached skill level 15 in Air Magic
 15348 | Lair:1   | Learned a level 3 spell: Conjure Flame
 15677 | Lair:1   | Reached *** piety under Vehumet
 15789 | Lair:1   | Offered knowledge of Fulminant Prism by Vehumet.
 15797 | Lair:1   | Learned a level 4 spell: Fulminant Prism
 16392 | Lair:2   | Found a staircase to the Shoals.
 16850 | Lair:2   | Noticed a seven-headed hydra
 16894 | Lair:2   | Killed a seven-headed hydra
 17126 | Lair:2   | Reached **** piety under Vehumet
 17435 | Lair:2   | Reached skill level 5 in Summonings
 17447 | Lair:2   | Offered knowledge of Lightning Bolt by Vehumet.
 18073 | D:3      | Learned a level 5 spell: Lightning Bolt
 18073 | D:3      | Bought a potion of haste for 320 gold pieces
 18357 | Lair:3   | Slain by a cane toad

Illustrated notes

Levels and vault maps discovered:
D:1:      roderic_chinese_lattice_arrival, layout_loops_ring,
          nicolae_ecumenical_lake_church, st_stairs_5
D:2:      layout_loops_ring, chequers_big_river, uniq_sigmund, uniq_robin
D:3:      layout_rooms, serial_shops, nicolae_shop_overgrown_old_shop
D:4:      kennysheep_the_goblin_king, layout_loops_ring, minitemple
D:5:      layout_layer_cave, lemuel_mausoleum_altar_yredelemnul,
          lemuel_doored_altar
D:6:      layout_cave_pools, minmay_temple_entry_overgrown,
          lightli_corner_chamber
D:7:      layout_basic
D:8:      layout_basic, tso_metal_star,
          mainiacjoe_overflow_concentric_impassable, david_lair_shrubbed
D:9:      layout_basic, uniq_harold
D:10:     layout_basic, kennysheep_windowed_goal
D:11:     layout_irregular_city, hiddenorc1_lemuel, enter_trove_5,
          minmay_misc_feat_nine_boxes
D:12:     layout_basic, biasface_ghost_orc_armoury,
          beargit_hepliaklqana_dungeon_heroes, uniq_rupert
Temple:   regret_index_temple_waves
Lair:1:   lemuel_ratsnest, layout_loops_ring, serial_bayou_shore_b
Lair:2:   layout_concentric_octagons, elwin_shoals_entry_rocks,
          lemuel_fruit_tree
Lair:3:   layout_layer_cave, chequers_serial_rivers_marsh,
          hangedman_lair_unloving_vines, pf_torpor_hydra,
          infiniplex_staircase_pool_2, grunt_megastairs_3, serial_bayou_shore_a

Skill      XL: |  1  2  3  4  5  6  7  8  9 10 11 12 |
---------------+-------------------------------------+-----
Conjurations   | 2 4 5 6 7 9 10 12 13 | 13.2
Air Magic      | 6 7 8 10 13 14 15 | 15.9
Spellcasting   | 3 4 5 6 7 8 9 |  9.3
Dodging        | 4 6 7 9 |  9.2
Necromancy     | 3 5 |  5.1
Summonings     | 2 5 |  5.7
Stealth        | |  2.0

Action                   |  1- 3 |  4- 6 |  7- 9 | 10-12 || total
-------------------------+-------+-------+-------+-------++-------
Melee: Unarmed           |     7 |       |       |       ||     7
       Kick              |     5 |     3 |     3 |    10 ||    21
       Short sword       |     4 |       |       |       ||     4
       Peck              |     2 |     2 |     4 |     4 ||    12
       Staff             |       |    10 |    13 |    13 ||    36
 Cast: Shock             |    69 |   105 |   211 |   258 ||   643
       Static Discharge  |       |    14 |    59 |   145 ||   218
       Airstrike         |       |       |    19 |    83 ||   102
       Conjure Flame     |       |       |       |     6 ||     6
       Lightning Bolt    |       |       |       |     1 ||     1
Evoke: Wand              |       |       |       |     9 ||     9
  Use: Scroll            |     3 |     7 |       |    10 ||    20
       Potion            |       |       |     2 |       ||     2
 Stab: Sleeping          |       |     2 |       |       ||     2
Armor: Robe              |     2 |     7 |    13 |    21 ||    43
       Skin              |       |       |     5 |       ||     5
Dodge: Dodged            |     8 |    15 |    48 |   107 ||   178
